 Dungeon Crawl Stone Soup version 0.32-a0-630-g46d191b0ed (webtiles) character file.

Game seed: 7975979970184563792

174784 mainiacjoe the Covert (level 17, 89/89 HPs)
             Began as a Spriggan Alchemist on July 29, 2022.
             Was the Champion of Dithmenos.
             Quit the game on level 4 of the Swamp on Mar 6, 2024.
             The game lasted 04:23:41 (50172 turns).

mainiacjoe the Covert (Spriggan Alchemist)         Turns: 50172, Time: 04:23:42

Health: 89/89      AC: 10    Str: 10    XL:     17   Next: 20%
Magic:  31/31      EV: 31    Int: 34    God:    Dithmenos [******]
Gold:   2821       SH: 10    Dex: 24    Spells: 0/35 levels left

rFire   . . .        a - +7 rapier (drain)
rCold   . . .        f - +2 buckler {AC+3}
rNeg    . . .        i - +2 robe {Will+}
rPois   +            (helmet restricted)
rElec   +            A - +2 cloak
rCorr   .            (gloves unavailable)
SInv    +            (boots unavailable)
Will    +++..        t - amulet of Soekes {Spirit rElec Str+2 Int+2}
Stlth   +++++++      S - ring of Asebuuda {Int+4 Dex+6 Stlth+}
HPRegen 0.34/turn    B - ring of Fallacy {rPois Str+4 Int+6}
MPRegen 0.22/turn

%: guardian spirit
@: wreathed by umbra, slow
A: very small, no large weapons, unfitting armour, see invisible, speed 3
}: 1/15 runes: decaying
a: Renounce Religion, Shadow Step, Shadow Form


You were on level 4 of the Swamp.
You worshipped Dithmenos.
Dithmenos was exalted by your worship.
You visited 5 branches of the dungeon, and saw 26 of its levels.
You also visited: Bailey and Volcano.

You collected 5324 gold pieces.
You spent 2503 gold pieces at shops.

Inventory:

Hand Weapons
 a - a +7 rapier of draining (weapon)
 b - a +5 dagger of venom
 w - a +3 quick blade of chaos
Missiles
 p - 2 boomerangs of dispersal {=F}
 u - 17 poisoned darts (quivered)
 F - 10 boomerangs
 X - 9 silver boomerangs
Armour
 f - a +2 buckler of protection (worn)
 i - a +2 robe of willpower (worn)
 A - a +2 cloak (worn)
Jewellery
 g - a ring of willpower
 s - a ring of protection from fire
 t - the amulet of Soekes (around neck) {Spirit rElec Str+2 Int+2}
   (You bought it in a shop on level 2 of the Orcish Mines)

   [amulet of guardian spirit]

   Spirit:    It causes incoming damage to be divided between your reserves of
   health and magic.
   Str+2:     It affects your strength (+2).
   Int+2:     It affects your intelligence (+2).
   rElec:     It insulates you from electricity.
 B - the ring of Fallacy (right hand) {rPois Str+4 Int+6}
   (You acquired it on level 6 of the Dungeon)

   [ring of intelligence]

   Str+4:     It affects your strength (+4).
   Int+6:     It affects your intelligence (+6).
   rPois:     It protects you from poison.
 H - an amulet of reflection
 K - an amulet of the acrobat
 S - the ring of Asebuuda (left hand) {Int+4 Dex+6 Stlth+}
   (You took it off a yaktaur captain on level 11 of the Dungeon)

   [ring of dexterity]

   Int+4:     It affects your intelligence (+4).
   Dex+6:     It affects your dexterity (+6).
   Stlth+:    It makes you more stealthy.
 V - a ring of wizardry
Wands
 c - a wand of roots (26)
 y - a wand of paralysis (6)
 D - a wand of flame (18)
 J - a wand of light (4)
 M - a wand of digging (9)
 N - a wand of mindburst (18)
 P - a wand of polymorph (3)
Scrolls
 k - 12 scrolls of teleportation
 l - 2 scrolls of silence
 o - 4 scrolls of vulnerability
 C - 4 scrolls of fear
 E - a scroll of enchant armour
 G - 2 scrolls of poison
 I - 2 scrolls of immolation
 T - 4 scrolls of blinking
 W - 5 scrolls of revelation
 Y - 2 scrolls of fog
Potions
 d - 3 potions of might
 e - 5 potions of attraction
 h - 2 potions of resistance
 j - 5 potions of magic
 m - 8 potions of mutation
 n - 8 potions of haste
 q - 8 potions of curing
 r - 3 potions of brilliance
 v - 4 potions of berserk rage
 x - 11 potions of heal wounds
 z - 8 potions of lignification
 O - 8 potions of ambrosia
 Q - a potion of cancellation
 R - 2 potions of invisibility
Miscellaneous
 L - a lightning rod (4/4)


   Skills:
 - Level 10.0 Fighting
 - Level 14.0 Short Blades
 + Level 13.6 Dodging
 + Level 14.6 Stealth
 - Level 9.0 Shields
 - Level 9.5 Spellcasting
 - Level 6.0 Conjurations
 - Level 4.0 Hexes
 - Level 4.0 Summonings
 - Level 3.0 Fire Magic
 - Level 6.0 Ice Magic
 - Level 10.2 Air Magic
 - Level 9.1 Alchemy
 + Level 5.0 Invocations
 * Level 0.8 Evocations
 - Level 2.6 Shapeshifting


You couldn't memorise any spells.
You knew the following spells:

 Your Spells              Type           Power      Damage    Failure   Level
a - Lightning Bolt        Conj/Air       31%        1d48      3%          5
b - Inner Flame           Hex/Fire       39%        N/A       2%          3
c - Summon Lightning Spi  Summ/Air       59%        N/A       1%          4
d - Airstrike             Air            36%        2d(6-22)  1%          4
e - Ignite Poison         Fire/Alch      55%        N/A       3%          4
f - Mephitic Cloud        Conj/Alch/Air  65%        N/A       1%          3
g - Freezing Cloud        Conj/Ice/Air   30%        6-21      4%          5
h - Shock                 Conj/Air       100%       1d9       1%          1
x - Passwall              Erth           16%        N/A       11%         3
z - Olgreb's Toxic Radia  Alch           68%        N/A       1%          4

Your spell library contained the following spells:

 Spells                   Type           Power      Damage    Failure   Level
 Foxfire                  Conj/Fire      100%       2x1d9     1%          1
 Sting                    Conj/Alch      100%       1d9       1%          1
 Summon Small Mammal      Summ           100%       N/A       1%          1
 Ensorcelled Hibernation  Hex/Ice        100%       N/A       1%          2
 Mercury Vapours          Alch/Air       100%       N/A       1%          2
 Static Discharge         Conj/Air       100%       3-8/arc   1%          2
 Swiftness                Air            72%        N/A       1%          3
 Call Canine Familiar     Summ           43%        N/A       2%          3
 Irradiate                Conj/Alch      30%        3d21      4%          5
 Flame Wave               Conj/Fire      46%        2d12      6%          4
 Summon Blazeheart Golem  Fire/Summ      39%        N/A       9%          4
 Maxwell's Capacitive Co  Air            36%        ∞         98%         8


Dungeon Overview and Level Annotations

Branches:
Dungeon (14/15)            Temple (1/1) D:7            Lair (5/5) D:11
  Swamp (4/4) Lair:3        Snake (0/4) Lair:2        Slime (0/5) Lair:4
    Orc (2/2) D:12            Elf (0/3) Orc:2        Vaults (0/5) D:14
 Bailey (visited)         Volcano (visited)

Altars:
Ashenzari
Cheibriados
Dithmenos
Elyvilon
Fedhas
Gozag
Hepliaklqana
Kikubaaqudgha
Makhleb
Nemelex Xobeh
Okawaru
Qazlal
Ru
Sif Muna
Trog
Uskayaw
Vehumet
Wu Jian
Xom
Yredelemnul
Zin
The Shining One

Shops:
D:3 !   D:7 :   D:12 ?   D:14 (   Orc:2 =(*!=

Portals:
Pandemonium: Orc:2

Annotations:
D:14 2 runed translucent doors, SirDiesAlot's ghost, journeyman DsCj


Innate Abilities, Weirdness & Mutations

You are very small and have problems with some larger weapons.
You are too small for most types of armour.
You have supernaturally acute eyesight. (SInv)
You cover ground extremely quickly. (Speed+++)


Message History

You see here a scroll of identify.
You enter the shallow water.
Moving in this stuff is going to be slow.
You see here a scroll of identify.
You enter the shallow water.
Moving in this stuff is going to be slow.
You enter the shallow water.
Moving in this stuff is going to be slow.
You enter the shallow water.
Moving in this stuff is going to be slow.
You enter the shallow water.
Moving in this stuff is going to be slow.
You enter the shallow water.
Moving in this stuff is going to be slow.
You enter the shallow water.
Moving in this stuff is going to be slow.
You enter the shallow water.
Moving in this stuff is going to be slow.
You see here +0 swamp dragon scales.
You enter the shallow water.
Moving in this stuff is going to be slow.
You enter the shallow water.
Moving in this stuff is going to be slow.
You enter the shallow water.
Moving in this stuff is going to be slow.
Partly explored, can't reach some places.
Saving game... please wait.
Welcome back, mainiacjoe the Spriggan Venom Mage.
Dithmenos says: Spread the eternal night.
Press ? for a list of commands and other information.
Welcome back, mainiacjoe the Spriggan Venom Mage.
Dithmenos says: Spread the eternal night.
Press ? for a list of commands and other information.
Your Alchemy skill increases to level 9!
Your Shapeshifting skill decreases to level 2!
Welcome back, mainiacjoe the Spriggan Alchemist.
Dithmenos says: Spread the eternal night.
Press ? for a list of commands and other information.
Unknown command.
Are you sure you want to abandon this character and quit the game? (Confirm with "yes".)

#≈.~~~##≈#≈.#####≈#
# #.#.~###≈≈#≈≈≈#
##≈# ##~..# #####≈##
## ###.##### ##
≈#~~###≈♣♣♣♣♣♣♣#♣♣♣
.#.~.#≈.♣♣≈♣♣≈~~≈≈♣
~~.[.#.♣≈≈≈♣♣♣≈≈≈~♣
♣~....♣♣≈#≈~♣≈≈≈≈~♣
≈§..≈♣♣♣...#≈≈~#@≈♣
.~§.♣♣♣~~♣♣§≈.≈...♣♣
.....♣~♣♣♣♣♣~....§~♣
..§.~~♣♣♣♣#♣...~..♣♣
♣♣~~~♣♣ ♣~~.♣~....§♣
♣♣~~.§♣♣♣.....~§..♣♣
♣~.~.~♣♣§....!.~...♣
♣§.♣♣~.♣♣......[..♣♣
.♣♣♣§..§♣♣^~~.~.~.♣


There were no monsters in sight!

Vanquished Creatures
  the Lernaean hydra (Swamp:4)
  Jorgrun (D:13)
  A fenstrider witch (Swamp:2)
  2 orc warlords
  An eleionoma (Swamp:4)
  4 bunyips
  Nessos (D:13)
  The ghost of freelancePsychic the Fighter, a journeyman DEVM of Vehumet (Lair:5)
  A yaktaur captain (D:11)
  A fire dragon (D:11)
  3 shambling mangroves
  A vault guard (D:14)
  A catoblepas (D:13)
  21 hydras
  3 boulder beetles
  A ghost crab (Swamp:4)
  3 demonspawn (Orc:2)
  10 alligators
  3 two-headed ogres
  5 death yaks
  6 centaur warriors
  7 orc high priests
  Amaemon (Lair:1)
  A shadow wraith (D:14)
  6 goliath frogs
  3 spriggan druids
  A flayed ghost (D:11)
  16 swamp dragons
  7 orc knights
  7 bog bodies
  An occultist (D:14)
  5 lindwurms
  2 deep elf pyromancers
  9 orc sorcerers
  21 ugly things
  4 oklob plants (Lair:4)
  4 cyclopes
  5 will-o-the-wisps
  2 manticores
  3 toenail golems (Volcano)
  A rust devil (Orc:2)
  18 elephants
  A molten gargoyle (Volcano)
  6 black mambas
  2 gargoyles
  An orange demon (Lair:1)
  Joseph (D:8)
  7 cane toads
  2 torpor snails
  8 komodo dragons
  A kobold demonologist (Bailey)
  4 rime drakes
  3 efreet
  A hellwing (Orc:2)
  A freezing wraith (D:11)
  3 bloated husks
  5 trolls
  3 meliai (Lair:4)
  9 tyrant leeches
  3 polar bears (Lair:5)
  6 blink frogs
  9 slime creatures
  15 hornets
  The ghost of kd29 the Caller, an amateur MfSu of Sif Muna (D:5)
  4 dream sheep
  2 water elementals (D:14)
  Sigmund (D:3)
  A centaur simulacrum (D:11)
  A shadow (D:11)
  5 wyverns
  4 vampires
  20 spriggans
  5 fire elementals (Volcano)
  3 fire bats (Orc:2)
  42 yaks
  7 steam dragons
  4 basilisks
  9 vampire mosquitoes
  Menkaure (D:5)
  16 swamp worms
  6 wargs
  14 water moccasins
  2 acid dragons
  The ghost of Moanerette the Gusty, an amateur DEAE (D:4)
  42 orc warriors
  2 sky beasts
  13 swamp drakes
  6 black bears
  2 ice beasts (D:5)
  20 wolves
  5 ogres
  4 boggarts (Lair:5)
  8 centaurs
  A phantom (D:5)
  10 bullfrogs
  2 gnoll sergeants
  2 earth elementals (Volcano)
  2 necrophages (D:6)
  3 scorpions (D:5)
  7 wights
  40 killer bees
  6 electric eels
  2 howler monkeys
  8 hounds
  36 orc priests
  A gnoll bouda (Orc:2)
  Crazy Yiuf (D:3)
  5 jellies
  Jessica (D:3)
  Ijyb (D:5)
  7 iguanas
  17 orc wizards
  12 hell rats (Lair:2)
  10 adders
  29 gnolls
  2 river rats (Lair:4)
  2 white imps
  An ufetubus (D:6)
  2 ribbon worms
  7 dart slugs
  102 orcs
  3 ball pythons
  7 bats
  9 endoplasms
  2 giant cockroaches
  17 goblins
  9 hobgoblins
  17 jackals
  7 kobolds
  A quokka (D:4)
  3 frilled lizards
  4 rats
  3 fire vortices (Volcano)
938 creatures vanquished.

Vanquished Creatures (collateral kills)
  A sphinx (D:11)
  An ettin (D:11)
  2 hydras (Swamp:2)
  A skeletal warrior (D:8)
  An elephant (Lair:4)
  2 komodo dragons
  A queen bee (Lair:4)
  2 hornets
  2 yaks (Lair:5)
  A swamp worm (Swamp:2)
  5 killer bees
19 creatures vanquished.

Vanquished Creatures (others)
  An adder (D:4)
  6 foxfires
7 creatures vanquished.

Grand Total: 964 creatures vanquished

Notes
Turn   | Place    | Note
-------+----------+-------------------------------------------
     0 | D:1      | mainiacjoe the Spriggan Venom Mage began the quest for the
                  | Orb.
     0 | D:1      | Reached XP level 1. HP: 9/9 MP: 5/5
   353 | D:1      | Reached XP level 2. HP: 12/13 MP: 0/6
   356 | D:1      | Learned a level 2 spell: Mercury Vapours
   358 | D:1      | Learned a level 1 spell: Shock
   751 | D:1      | Reached skill level 1 in Air Magic
  1361 | D:1      | Reached XP level 3. HP: 14/16 MP: 4/8
  1365 | D:1      | Learned a level 3 spell: Mephitic Cloud
  1437 | D:1      | Found a faded altar of an unknown god.
  2119 | D:2      | You fall into a shaft and drop 1 floor!
  2928 | D:2      | Reached XP level 4. HP: 9/21 MP: 7/10
  3230 | D:3      | Reached skill level 1 in Conjurations
  3347 | D:3      | Noticed Sigmund
  3517 | D:3      | Identified the +2 pair of boots "Issoix" {rC+ rN+ Str+3}
  3569 | D:3      | Noticed Jessica
  3583 | D:3      | Killed Jessica
  3584 | D:3      | Reached XP level 5. HP: 24/24 MP: 2/12
  3632 | D:3      | Learned a level 4 spell: Olgreb's Toxic Radiance
  3733 | D:3      | Found Bihubotacu's Distillery.
  3745 | D:3      | Bought a potion of might for 44 gold pieces
  3745 | D:3      | Bought a potion of heal wounds for 55 gold pieces
  4152 | D:3      | Found a runed translucent door.
  4153 | D:3      | Noticed Crazy Yiuf
  4523 | D:3      | Bought a potion of curing for 33 gold pieces
  4602 | D:4      | Noticed an ogre
  4632 | D:4      | Killed an ogre
  4740 | D:4      | Reached XP level 6. HP: 28/28 MP: 2/13
  5109 | D:4      | Found a sacrificial altar of Ru.
  5307 | D:4      | Found a runed translucent gate.
  5318 | D:4      | Reached skill level 5 in Alchemy
  5324 | D:4      | Found a runed translucent gate.
  5417 | D:4      | Noticed a two-headed ogre
  5420 | D:4      | Found a runed translucent gate.
  5421 | D:4      | Noticed Moanerette's ghost (amateur DEAE)
  5790 | D:4      | Found a glowing golden altar of the Shining One.
  6243 | D:5      | Entered Level 5 of the Dungeon
  6243 | D:5      | Noticed an ice beast
  6243 | D:5      | Found a shimmering altar of Xom.
  6244 | D:5      | Noticed an ice beast
  6338 | D:5      | Noticed Menkaure
  6362 | D:5      | Reached skill level 5 in Spellcasting
  6362 | D:5      | Reached XP level 7. HP: 32/32 MP: 1/15
  6373 | D:4      | Learned a level 4 spell: Airstrike
  6672 | D:5      | Noticed Ijyb
  6672 | D:5      | Found a shadowy altar of Dithmenos.
  7133 | D:5      | Killed Menkaure
  7134 | D:5      | Reached skill level 5 in Air Magic
  7373 | D:5      | Reached XP level 8. HP: 36/36 MP: 8/16
  7630 | D:5      | Killed Ijyb
  7687 | D:5      | Found an iron altar of Okawaru.
  7687 | D:5      | Found a shimmering blue altar of Sif Muna.
  7687 | D:5      | Found a burning altar of Makhleb.
  7688 | D:5      | Found a white marble altar of Elyvilon.
  7697 | D:5      | Found a hide-covered altar of Uskayaw.
  7876 | D:5      | Found a radiant altar of Vehumet.
  7954 | D:5      | Became a worshipper of Dithmenos the Shadowed
  7958 | D:5      | Noticed kd29's ghost (amateur MfSu)
  8138 | D:5      | Found a transporter.
  8140 | D:5      | Found a transporter.
  8284 | D:3      | Killed Crazy Yiuf
  8433 | D:3      | Killed Sigmund
  8599 | D:4      | Killed Moanerette's ghost
  8637 | D:4      | Killed a two-headed ogre
  8638 | D:4      | Reached XP level 9. HP: 39/39 MP: 4/19
  9103 | D:6      | Identified 2 scrolls of acquirement
  9103 | D:6      | Acquired the ring of Fallacy {rPois Str+4 Int+6}
  9106 | D:6      | Acquired 807 gold pieces
  9172 | D:3      | Bought a potion of mutation for 88 gold pieces
  9666 | D:6      | Reached skill level 1 in Short Blades
  9943 | D:6      | Reached skill level 5 in Dodging
 10264 | D:6      | Reached skill level 5 in Stealth
 10742 | D:6      | Reached * piety under Dithmenos
 10760 | D:6      | Reached skill level 1 in Fighting
 11020 | D:6      | Found a snail-covered altar of Cheibriados.
 11159 | D:6      | Reached XP level 10. HP: 24/43 MP: 17/20
 11427 | D:7      | Found Umih's Book Shop.
 11461 | D:7      | Bought a book of Storms for 416 gold pieces
 11530 | D:7      | Found a staircase to the Ecumenical Temple.
 11632 | D:7      | Found a flagged portal.
 11713 | Bailey   | Entered a bailey
 11716 | Bailey   | Reached ** piety under Dithmenos
 12351 | Bailey   | Acquired a +2 buckler of protection
 12368 | Bailey   | Noticed an orc high priest
 12506 | Bailey   | Found an iron altar of Okawaru.
 12880 | Bailey   | Killed an orc high priest
 12881 | Bailey   | Reached skill level 5 in Short Blades
 13003 | Bailey   | Reached skill level 10 in Dodging
 13327 | D:7      | Learned a level 4 spell: Summon Lightning Spire
 13498 | D:7      | Reached skill level 1 in Shields
 13924 | D:7      | Found a snail-covered altar of Cheibriados.
 14018 | D:7      | Reached *** piety under Dithmenos
 14019 | D:7      | Reached XP level 11. HP: 54/54 MP: 12/21
 14517 | Temple   | Entered the Ecumenical Temple
 14544 | D:8      | Noticed Joseph
 14702 | D:8      | Reached skill level 5 in Fighting
 14893 | D:8      | Killed Joseph
 14894 | D:8      | Reached skill level 1 in Summonings
 15229 | D:8      | Noticed a centaur warrior
 15246 | D:8      | Killed a centaur warrior
 15417 | D:8      | Noticed a boulder beetle
 15433 | D:8      | Killed a boulder beetle
 15576 | D:8      | Noticed a deep elf pyromancer
 15730 | D:8      | Killed a deep elf pyromancer
 15767 | D:8      | Noticed a green ugly thing
 15869 | D:8      | Killed a green ugly thing
 16004 | D:8      | Noticed a skeletal warrior
 16057 | D:8      | Killed a skeletal warrior
 16534 | D:8      | Reached skill level 5 in Shields
 16707 | D:8      | Identified the +1 plate armour of the Pirate {rF+ Dex+7}
 16801 | D:9      | Acquired 823 gold pieces
 17136 | D:9      | Reached **** piety under Dithmenos
 17413 | D:9      | Identified the +10 spear "Ikhoz" {vorpal, rC++ Dex+4}
 17506 | D:10     | Entered Level 10 of the Dungeon
 17877 | D:10     | Found an opulent altar of Gozag.
 18103 | D:10     | Identified the +3 spear of True Grit {vorpal, rElec rF- rN+
                  | Dex+2}
 18816 | D:11     | Found a radiant altar of Vehumet.
 19013 | D:11     | Reached XP level 12. HP: 60/60 MP: 13/22
 19079 | D:11     | Found a staircase to the Lair.
 19357 | D:11     | Noticed a centaur warrior
 19357 | D:11     | Noticed a centaur warrior
 19359 | D:11     | Killed a centaur warrior
 19362 | D:11     | Killed a centaur warrior
 19889 | D:11     | Noticed a two-headed ogre
 19892 | D:11     | Killed a two-headed ogre
 20034 | D:11     | Noticed a fire dragon
 20103 | D:11     | Killed a fire dragon
 20185 | D:11     | Noticed an ettin
 20196 | D:11     | Killed an ettin
 20339 | D:11     | Identified the ring of Asebuuda {Int+4 Dex+6 Stlth+}
 20339 | D:11     | Noticed a yaktaur captain
 20372 | D:11     | Noticed a sphinx
 20646 | D:11     | Killed a sphinx
 20782 | D:11     | Killed a yaktaur captain
 20916 | D:11     | Noticed a tengu reaver
 21485 | D:11     | Reached skill level 10 in Stealth
 21696 | Lair:1   | Entered Level 1 of the Lair of Beasts
 21710 | Lair:1   | Learned a level 5 spell: Lightning Bolt
 21712 | Lair:1   | Upgraded the game from 0.29-a0-925-g0a7a3d12f8 to
                  | 0.29-a0-962-gc8bbfd0a37
 22224 | Lair:1   | Reached skill level 10 in Air Magic
 22354 | Lair:1   | You fall into a shaft and drop 1 floor!
 22405 | Lair:2   | Found a staircase to the Snake Pit.
 22428 | Lair:2   | Noticed a death yak
 22490 | Lair:2   | Reached ***** piety under Dithmenos
 22514 | Lair:2   | Noticed a six-headed hydra
 22598 | Lair:2   | Killed a six-headed hydra
 22599 | Lair:2   | Reached skill level 10 in Short Blades
 22604 | Lair:2   | Noticed a death yak
 22619 | Lair:2   | Reached XP level 13. HP: 58/63 MP: 7/23
 22902 | Lair:1   | Noticed Amaemon
 22924 | Lair:1   | Killed Amaemon
 23724 | Lair:1   | Learned a level 4 spell: Ignite Poison
 23932 | Lair:2   | Reached skill level 5 in Conjurations
 25217 | Lair:3   | Found a staircase to the Swamp.
 25380 | Lair:3   | Acquired 618 gold pieces
 26441 | Lair:4   | Reached skill level 1 in Invocations
 27124 | Lair:4   | Reached skill level 5 in Invocations
 27259 | Lair:4   | Reached XP level 14. HP: 58/68 MP: 19/27
 27318 | Lair:4   | Learned a level 3 spell: Inner Flame
 27360 | Lair:4   | Reached skill level 1 in Hexes
 27371 | Lair:4   | Reached skill level 1 in Fire Magic
 27862 | Lair:4   | Reached ****** piety under Dithmenos
 28114 | Lair:4   | Found a staircase to the Slime Pits.
 28275 | Lair:4   | Reached skill level 1 in Ice Magic
 28442 | Lair:4   | Learned a level 5 spell: Freezing Cloud
 28792 | Lair:5   | Entered Level 5 of the Lair of Beasts
 28910 | Lair:5   | Found a runed translucent door.
 28910 | Lair:5   | Noticed freelancePsychic's ghost (journeyman DEVM)
 30776 | D:5      | Killed kd29's ghost
 31034 | D:12     | Found Siyvinof's Magic Scroll Boutique.
 31037 | D:12     | Bought a scroll of teleportation for 42 gold pieces
 31037 | D:12     | Bought a scroll of noise for 14 gold pieces
 31037 | D:12     | Bought 2 scrolls of fog for 112 gold pieces
 31037 | D:12     | Bought a scroll of silence for 133 gold pieces
 31037 | D:12     | Bought a scroll of enchant weapon for 105 gold pieces
 31725 | D:12     | Found a staircase to the Orcish Mines.
 31943 | Orc:1    | Entered Level 1 of the Orcish Mines
 31984 | Orc:2    | Entered Level 2 of the Orcish Mines
 32005 | Orc:2    | Noticed an orc warlord
 32121 | Orc:2    | Killed an orc warlord
 32185 | Orc:2    | Found a dark tunnel.
 32321 | Volcano  | Entered a volcano
 33428 | Volcano  | Reached skill level 5 in Ice Magic
 34479 | Orc:2    | Reached XP level 15. HP: 72/72 MP: 21/29
 34548 | Orc:2    | Found a staircase to the Elven Halls.
 34557 | Orc:2    | Found Isamote's Jewellery Shop.
 35019 | Orc:2    | Found Cecwej's Distillery.
 35026 | Orc:2    | Found Hup Kusy's General Store.
 35336 | Orc:1    | Noticed an orc warlord
 35508 | Orc:1    | Killed an orc warlord
 36280 | D:12     | Bought a scroll of acquirement for 728 gold pieces
 36282 | D:12     | Acquired a +3 quick blade
 38067 | Orc:2    | Found Retucac's Antique Weapon Shoppe.
 38067 | Orc:2    | Found Hifygub's Jewellery Emporium.
 38068 | Orc:2    | Found a one-way gate leading to the halls of Pandemonium.
 38072 | Orc:2    | Bought the amulet of Soekes {Spirit rElec Str+2 Int+2} for
                  | 733 gold pieces
 38407 | Lair:5   | Killed freelancePsychic's ghost
 39685 | D:13     | Noticed Nessos
 39691 | D:13     | Killed Nessos
 39744 | D:13     | Noticed Jorgrun
 39746 | D:13     | Killed Jorgrun
 40583 | D:14     | Noticed SirDiesAlot's ghost (journeyman DsCj)
 40585 | D:14     | Noticed a lich
 40938 | D:14     | Reached XP level 16. HP: 80/80 MP: 17/30
 41028 | D:14     | Found a gate to the Vaults.
 41096 | D:14     | Found a shadowy altar of Dithmenos.
 41647 | D:14     | Found Yqyr's Antique Weapon Shoppe.
 42145 | D:14     | Learned a level 3 spell: Passwall
 42172 | D:14     | Found a runed translucent door.
 42175 | D:14     | Found a runed translucent door.
 42390 | Swamp:1  | Entered Level 1 of the Swamp
 45641 | Swamp:3  | Identified the +8 war axe "Qus Suu" {antimagic, rF+ Int+5}
 47406 | Swamp:4  | Entered Level 4 of the Swamp
 48847 | Swamp:4  | Reached XP level 17. HP: 88/88 MP: 23/31
 49582 | Swamp:4  | Noticed the 27-headed Lernaean hydra
 49810 | Swamp:4  | Killed the 27-headed Lernaean hydra
 49811 | Swamp:4  | Reached skill level 10 in Fighting
 50080 | Swamp:4  | Got a decaying rune of Zot
 50172 | Swamp:4  | Upgraded the game from 0.29-a0-962-gc8bbfd0a37 to
                  | 0.29-a0-1027-gcd8c55af63
 50172 | Swamp:4  | Upgraded the game from 0.29-a0-1027-gcd8c55af63 to
                  | 0.30-a0-43-gbbf338a72c
 50172 | Swamp:4  | Upgraded the game from 0.30-a0-43-gbbf338a72c to
                  | 0.32-a0-630-g46d191b0ed
 50172 | Swamp:4  | Quit the game

Illustrated notes

Levels and vault maps discovered:
D:1:      roderic_octagonal_star, layout_loops_cross,
          shapermc_ecumenical_altar_mp_urbaneastern,
          kennysheep_decorative_pillar, chequers_serial_rivers_large_a,
          columned_hall_lemuel, minmay_split_cup_small
D:2:      layout_loops_ring
D:3:      layout_loops_cross, serial_shops, nicolae_shop_hallway_plus,
          uniq_sigmund, uniq_jessica, uniq_crazy_yiuf_cottage
D:4:      layout_gridville, mainiacjoe_overflow_small_starburst,
          nicolae_tso_swordbearing_angel, gammafunk_ghost_split
D:5:      layout_gridville, amcnicky_altar_gilded, xom_confusion_cloud,
          minmay_overflow_temple_hex, gammafunk_ghost_hive, uniq_menkaure,
          uniq_ijyb
D:6:      layout_basic, minmay_misc_feat_four_crosses, minmay_ruined_shrine
D:7:      layout_basic, mainiacjoe_overflow_chevrons,
          minmay_temple_entry_sparse_star, serial_shops, nicolae_diamond_shop,
          enter_bailey_3
D:8:      layout_basic, minmay_evil_grid, uniq_joseph
D:9:      layout_loops_cross, hangedman_decor_lopped
D:10:     layout_roguey, nicolae_gozag_seed_capital, st_stairs_7,
          minmay_misc_feat_nine_boxes, minivault_21,
          nicolae_figureground_sparkle
D:11:     minmay_sliced_demisemicircle, layout_basic, lair_entry_dummy,
          vehumet_crystals
D:12:     layout_roguey, hiddenorc1_lemuel, serial_shops, kennysheep_mini_moat
D:13:     layout_stronghold, uniq_nessos, uniq_jorgrun
D:14:     layout_basic, david_vaults_4, muffindrake_ghost_dual_entry,
          serial_shops, nicolae_shop_statue_plus, minmay_door_square,
          nicolae_dithmenos_the_darkroom
Temple:   hellmonk_temple_micro_hex
Lair:1:   layout_cave_shapes, uniq_amaemon
Lair:2:   layout_hall_layers, minmay_snake_entry_six_corridors, minivault_24,
          infiniplex_staircase_pool
Lair:3:   layout_cave_pods, minmay_swamp_entry_worms
Lair:4:   hangedman_what_comes_after_a, layout_gridlike, slime_entry_1,
          lemuel_fruit_tree
Lair:5:   minmay_lair_end_enchanted_forest, layout_cave_pods,
          hellmonk_ghost_happy_afterlife
Swamp:1:  layout_basic_swamp, serial_swamp_ruin, evilmike_swamp_ruin_house_4,
          evilmike_swamp_ruin_wall
Swamp:2:  layout_falls_marsh, nicolae_swamp_feature_on_the_river_bank
Swamp:3:  layout_basic_swamp, hangedman_swamp_blocks
Swamp:4:  swamp_old_school, layout_basic_swamp
Orc:1:    layout_diamond_mine
Orc:2:    pf_orc_diabolical, layout_caves, nicolae_volcano_entry_batcave,
          minmay_shop_enchanted_jewellery

Skill      XL: |  1  2  3  4  5  6  7  8  9 10 11 12 13 14 15 16 17 |
---------------+----------------------------------------------------+-----
Dodging        | 3 7 10 11 13 | 13.6
Air Magic      | 1 2 3 5 8 10 | 10.2
Spellcasting   | 3 4 5 6 8 9 |  9.5
Conjurations   | 1 2 3 6 |  6.0
Alchemy        | 4 6 7 8 9 |  9.1
Short Blades   | 3 5 6 10 12 14 | 14.0
Stealth        | 5 7 10 11 14 | 14.6
Fighting       | 1 4 5 7 9 10 | 10.0
Shields        | 2 5 7 8 9 |  9.0
Summonings     | 4 |  4.0
Invocations    | 5 |  5.0
Hexes          | 4 |  4.0
Fire Magic     | 3 |  3.0
Transmutations | 3 |  0.0
Ice Magic      | 5 6 |  6.0
Shapeshifting  | 2 |  2.6
Evocations     | |  0.8

Action                     |  1- 3 |  4- 6 |  7- 9 | 10-12 | 13-15 | 16-18 || total
---------------------------+-------+-------+-------+-------+-------+-------++-------
  Melee: Dagger            |     3 |       |       |       |     5 |     8 ||    16
         Rapier            |     4 |    31 |    72 |   146 |   910 |   180 ||  1343
         Punch             |       |       |     3 |       |       |       ||     3
  Throw: Dart              |       |       |       |    20 |   114 |    16 ||   150
         Stone             |       |       |       |       |    18 |       ||    18
   Cast: Sting             |    20 |    11 |     4 |     2 |       |       ||    37
         Shock             |    31 |    37 |    51 |    59 |   112 |    75 ||   365
         Mercury Vapours   |    31 |    49 |    60 |    22 |     1 |       ||   163
         Mephitic Cloud    |       |     1 |     7 |    27 |    22 |    14 ||    71
         Olgreb's Toxic Ra |       |       |    13 |    41 |    62 |     3 ||   119
         Airstrike         |       |       |    13 |   121 |    79 |    82 ||   295
         Summon Lightning  |       |       |       |     9 |     6 |    11 ||    26
         Lightning Bolt    |       |       |       |       |    57 |    21 ||    78
         Ignite Poison     |       |       |       |       |    54 |    18 ||    72
         Inner Flame       |       |       |       |       |     7 |    20 ||    27
         Freezing Cloud    |       |       |       |       |    28 |    55 ||    83
 Invoke: Shadow Step       |       |       |       |       |     3 |     3 ||     6
  Evoke: Wand              |       |       |       |     3 |     3 |     5 ||    11
         Lightning rod     |       |       |       |       |       |     2 ||     2
    Use: Scroll            |     3 |     8 |     4 |    16 |    12 |     1 ||    44
         Potion            |       |       |     1 |     1 |     2 |     4 ||     8
   Stab: Sleeping          |     1 |     6 |     3 |    16 |    28 |    17 ||    71
         Confused          |       |       |     2 |     9 |     8 |     6 ||    25
         Distracted        |       |       |       |     2 |     3 |     3 ||     8
 Armour: Robe              |     6 |     4 |    13 |     8 |    55 |     9 ||    95
  Dodge: Dodged            |    28 |    34 |    92 |    89 |   549 |    96 ||   888
  Block: Buckler           |       |       |       |    59 |   385 |    43 ||   487
         Reflection        |       |       |       |       |     9 |       ||     9

Table legend: (Time is in decaauts)
 A = Elapsed time spent in this place.
 B = Non-inter-level travel time spent in this place.
 C = Inter-level travel time spent in this place.
 D = Time resting spent in this place.
 E = Time spent auto-exploring this place.
 F = Levels seen in this place.
 G = Mean time per level.
                   A        B        C        D        E       F      G
               +--------+--------+--------+--------+--------+-----+--------+
         Total |  40288 |  38125 |   2163 |  11556 |  18854 |  28 | 1438.9 |
       Dungeon |  19576 |  18074 |   1502 |   4103 |  10565 |  14 | 1398.3 |
        Temple |      1 |      1 |      0 |      0 |      0 |   1 |    1.0 |
          Lair |   7347 |   6942 |    405 |   1434 |   3954 |   5 | 1469.4 |
         Swamp |   6907 |   6811 |     96 |   2702 |   2893 |   4 | 1726.8 |
  Orcish Mines |   3714 |   3556 |    158 |   1707 |    988 |   2 | 1857.0 |
        Bailey |   1337 |   1337 |      0 |    542 |    430 |   1 | 1337.0 |
       Volcano |   1404 |   1404 |      0 |   1066 |     21 |   1 | 1404.0 |
               +--------+--------+--------+--------+--------+-----+--------+

Top non-repeatable levels by time:
   Orc:2: 3030 daAuts
 Swamp:4: 2470 daAuts
     D:4: 2359 daAuts
  Lair:4: 2210 daAuts
    D:11: 2184 daAuts
     D:6: 1864 daAuts
     D:8: 1793 daAuts
  Lair:3: 1784 daAuts
  Lair:5: 1568 daAuts
 Swamp:3: 1545 daAuts
 Swamp:1: 1527 daAuts
     D:5: 1450 daAuts
 Volcano: 1404 daAuts
    D:14: 1404 daAuts
 Swamp:2: 1364 daAuts
